[Event "2nd Serbia Open Masters 2022"]
[Site "Novi Sad"]
[Date "2022.07.02"]
[Round "5.48"]
[White "Vignesh N R"]
[Black "Ram Aravind L N"]
[Result "1/2-1/2"]
[ECO "C07"]
[WhiteElo "2427"]
[BlackElo "2116"]
[Annotator "TA"]
[PlyCount "168"]
[EventDate "2022.06.28"]
[EventType "swiss"]
[EventCountry "SRB"]
[SourceTitle "playchess.com"]
[Source "ChessBase"]
[SourceQuality "1"]
[TimeControl "40/5400+30:900+30"]

1. e4 e6 2. d4 d5 3. Nd2 c5 4. exd5 Qxd5 5. Ngf3 cxd4 6. Bc4 Qd6 7. O-O Nf6 8. Nb3 Nc6 9. Nbxd4 Nxd4 10. Nxd4 Be7 11. c3 O-O 12. Qf3 Qc7 13. Bb3 {[%emt 0:04:41] C07: French Tarrasch: 3...c5, 4 Ngf3 and 4 exd5 Qxd5.} a5 $1 {[%emt 0:00:42][%mdl 4] is now more promising than 13...Bd7.} 14. a4 Bd7 15. Re1 Qb6 16. Bg5 Bc6 17. Qh3 {[%emt 0:05:32] [#] Hoping for Bc2.} Qc5 $146 (17... Nd5 $5 18. Bxe7 (18. Bc2 g6 $11) 18... Nxe7 $11) ({Predecessor:} 17... Nd5 18. Bc2 g6 19. Bxe7 Nxe7 20. Rab1 Rad8 21. Qh4 Qc5 22. Re3 Rd5 23. Qf6 Rh5 {½-½ (72) Garcia Martin,M (2329)-Efroimski,M (2313) Batumi 2018}) 18. f4 Rfd8 19. Rad1 Nd5 (19... h6 $5 20. Bh4 Nd5 21. Bxe7 Qxe7 $11) 20. Bxe7 Nxe7 21. Re5 Bd5 {[%emt 0:01:52] [#]} (21... Qd6 $14) 22. Bc2 {[%emt 0:25:09] White is more active.} (22. Rh5 $1 $16) 22... f5 {[%emt 0:01:54] [#]} (22... g6 $11 {remains equal.}) 23. Qe3 $1 $16 {[%emt 0:00:00] Black must now prevent Bb3.} Ng6 24. Nxe6 Qxe3+ 25. Rxe3 Bxe6 26. Rxe6 Nxf4 27. Re7 b6 28. Rf1 Nd5 29. Re5 Nf6 30. Rexf5 ({Don't do} 30. Rfxf5 $6 Rd2 31. Bb3+ Kh8 $14) 30... Rd2 31. R5f2 Rad8 32. Rxd2 Rxd2 {[%emt 0:00:02][%mdl 4096] Endgame KRB-KRN} 33. Rf2 Rd6 34. h3 g5 (34... h6 $16 {is a better defense.} 35. Kh2 Kf7 36. Bb3+ Ke7) 35. Re2 ({Better is} 35. b4 $18) 35... Kf8 36. Kf2 h6 37. Kf3 Nd5 38. Rd2 Rf6+ 39. Ke4 Nf4 40. Bb3 Ke7 41. Rf2 Rd6 42. Bc4 {[%emt 0:00:06] Prevents Nd3.} Rd1 43. h4 Rg1 44. hxg5 hxg5 45. Kf3 ({Resist} 45. Kf5 Nxg2 46. Re2+ Kd6 $16) 45... Ra1 (45... Re1 $16 46. g3 Nh5) 46. Bb5 Rg1 47. Rd2 Ke6 48. Rf2 $2 (48. Bc4+ $18 Ke7 49. Bb5) 48... Ke5 (48... Ke7 $1 $11) 49. Bf1 Kf5 50. b4 (50. Kg3 $16 {aiming for Kh2.} Rh1 51. Bd3+ Ke5 52. Bc2) 50... Ke5 $1 $14 51. bxa5 bxa5 52. Bb5 (52. c4 $14) 52... Kd5 ({Black should try} 52... Rc1 $11) 53. Rd2+ Kc5 54. c4 (54. Rd4 $16) 54... Kb4 $11 {[%emt 0:02:00] The position is equal.} 55. g3 Nh5 56. Rh2 Nf6 57. Rb2+ Kc3 58. Re2 Rf1+ 59. Kg2 Rf5 60. Re7 Rc5 61. Rf7 Ne4 62. Kh3 Nd6 63. Rg7 Nxb5 64. cxb5 {[%emt 0:00:57][%cal Bc4b5,Bb5b6,Bb6b7][%mdl 32] Strongly threatening b6. KR-KR} Kb4 65. b6 {[%emt 0:00:52] White wants to mate with b7.} Kxa4 66. b7 Rb5 67. Rc7 {[%emt 0:00:21] And now Rc4+ would win.} Rb6 68. Kg4 Kb5 69. Kxg5 Ka6 70. Kf5 Rxb7 71. Rc1 Rg7 72. g4 Kb5 73. g5 a4 74. Kf6 Rg8 75. g6 Kb4 76. Kf7 Rxg6 77. Kxg6 {[%emt 0:00:06] KR-KP} Kb3 78. Kf5 Kb2 79. Rc8 a3 80. Rb8+ Kc2 81. Ra8 Kb2 82. Ke4 a2 83. Kd3 a1=Q 84. Rxa1 Kxa1 {[%emt 0:00:03] White really could win this.  Weighted Error Value: White=0.15 (very precise) /Black=0.20 (precise)} 1/2-1/2

[Event "2nd Serbia Open Masters 2022"]
[Site "Novi Sad"]
[Date "2022.07.02"]
[Round "5.49"]
[White "Nareks, Matic"]
[Black "Srihari L R"]
[Result "0-1"]
[ECO "D00"]
[WhiteElo "2221"]
[BlackElo "2404"]
[Annotator "TA"]
[PlyCount "76"]
[EventDate "2022.06.28"]
[EventType "swiss"]
[EventCountry "SRB"]
[SourceTitle "playchess.com"]
[Source "ChessBase"]
[SourceQuality "1"]
[TimeControl "40/5400+30:900+30"]

1. d4 Nf6 2. Nc3 d5 3. Bf4 c5 4. e4 cxd4 5. Qxd4 Nc6 6. Bb5 {[%emt 0:00:07][%cal Re4d5] D00: 1 d4 d5: Unusual lines.} Bd7 7. Bxc6 Bxc6 8. e5 {[%emt 0:00:07] The position is equal.} Nd7 9. e6 fxe6 10. Nf3 Qb6 11. Be5 {[%emt 0:00:11] [#]} (11. Be3 {keeps more tension.} Qxb2 12. Nxd5 Qxd4 13. Nc7+) 11... Qxd4 $146 ({Predecessor:} 11... Nxe5 12. Qxe5 Bd7 13. O-O-O Qd6 14. Qd4 Qb6 15. Rhe1 Qxd4 16. Nxd4 Kf7 17. g3 g6 {0-1 (55) Fiorito,F (2356)-Srihari,L (2398) Chess.com INT 2022}) 12. Bxd4 Rg8 13. h4 g5 14. hxg5 e5 $1 15. Nxe5 Nxe5 16. Bxe5 Rxg5 17. f4 Rxg2 18. O-O-O h6 19. Nxd5 {[%emt 0:13:43] [#] Black must now prevent Nc7+.} O-O-O 20. c4 e6 21. Nc7 Rxd1+ 22. Rxd1 Bf3 23. Rh1 (23. Rd2 $17) 23... Kd7 24. Rh3 Be4 25. Nb5 a6 26. Nd4 (26. Re3 $17 {might work better.} Bg6 27. Nd4) 26... Bb4 $19 {[%emt 0:01:26][%cal Rg2g1] [#]} 27. Rh1 {[%emt 0:02:59] Against Rg1+} Bd2+ 28. Kd1 Be3 {[%emt 0:00:37] aiming for ...Rd2+. A strong pair of Bishops.} 29. Re1 $2 (29. Rh3 {is a better defense.} Rd2+ 30. Ke1) 29... Rd2+ 30. Kc1 Rd3+ ({Not} 30... Rxd4+ 31. Rxe3 Rxc4+ 32. Kd1 $15) 31. Rxe3 Rxe3 {[%emt 0:00:07][%mdl 4096] Endgame KRB-KBN} 32. Kd2 Rg3 33. Nb3 Bf5 {[%emt 0:00:09] Strongly threatening ...h5. Black is clearly winning.} 34. Ke2 h5 35. Bf6 Rg4 {[%emt 0:00:43] ...h4 is the strong threat.} 36. Bg5 h4 37. Nd4 h3 {[%emt 0:00:18] ( -> ...h2)} 38. Nf3 h2 {[%emt 0:00:06] Weighted Error Value: White=0.70/Black=0.22 (precise)} (38... Rg2+ $142 39. Ke3 Rxb2) 0-1

[Event "2nd Serbia Open Masters 2022"]
[Site "Novi Sad"]
[Date "2022.07.02"]
[Round "5.50"]
[White "Chitlange Sakshi"]
[Black "Utsab Chatterjee"]
[Result "1-0"]
[ECO "D46"]
[WhiteElo "2216"]
[BlackElo "2403"]
[Annotator "TA"]
[PlyCount "87"]
[EventDate "2022.06.28"]
[EventType "swiss"]
[EventCountry "SRB"]
[SourceTitle "playchess.com"]
[Source "ChessBase"]
[SourceQuality "1"]
[TimeControl "40/5400+30:900+30"]

1. d4 d5 2. c4 c6 3. Nf3 Nf6 4. e3 e6 5. Nc3 Nbd7 6. Bd3 Bd6 7. O-O O-O 8. e4 dxc4 9. Bxc4 e5 10. Bg5 h6 11. Bh4 b5 12. Bb3 {[%emt 0:06:23] D46: Semi-Slav: 5 e3 Nbd7 6 Bd3, Black avoids the Meran.} a6 13. Rc1 Bb7 14. Bg3 {[%emt 0:07:55][%cal Rd4e5] [#] White is slightly better.} (14. Nxe5 {keeps more tension.} Nxe5 15. Bg3 Nfd7 16. dxe5 Bxe5 17. f4) 14... Re8 $146 ({Predecessor:} 14... Qb8 15. dxe5 Nxe5 16. Nxe5 Bxe5 17. Bxe5 Qxe5 18. f4 Qc5+ 19. Kh1 Qe3 20. e5 Ne4 21. Nxe4 Qxe4 {1-0 (29) Korobov,A (2687)-Kharchenko,B (2483) Moscow 2015}) 15. dxe5 Nxe5 16. Nxe5 Bxe5 17. Bxe5 Rxe5 18. f4 (18. Qxd8+ $1 $16 Rxd8 19. f4) 18... Qb6+ $11 19. Kh1 Re7 (19... Ree8 $1 $11 {keeps the balance.}) 20. e5 $16 Rd8 21. Qe2 (21. Qc2 $16 Nd5 22. Ne4) 21... c5 $11 22. Rfd1 (22. Rcd1 $11) 22... Rd4 $17 23. Qf2 Ng4 24. Qg3 {[%emt 0:00:30] [#]} h5 ({Black should try} 24... c4 $1 $17 25. Bc2 (25. Qxg4 cxb3 26. Rxd4 Qxd4 $17) 25... Rxd1+ 26. Rxd1 f5) 25. h3 $1 $36 {[%emt 0:07:38][%mdl 2048] White is more active.} c4 {[%emt 0:09:33][%cal Oe7d7] Hoping for ...Red7!} 26. Bc2 Nh6 $2 {[%emt 0:01:21][%mdl 8192] [#] Loses the game.} (26... Rxd1+ $2 27. Rxd1 (27. Nxd1 Qd4 $11) 27... Re6 28. hxg4 $18) (26... g5 $14) 27. Rxd4 $1 $18 Qxd4 28. Rd1 Qb6 29. Rd6 h4 30. Qg5 ({Weaker is} 30. Rxb6 hxg3 31. Nd5 Rd7 $16) 30... f6 31. Qg6 Qc7 32. Rxf6 Rf7 33. Qh7+ Kf8 34. Qh8+ Ke7 35. Rxf7+ Kxf7 36. Ne4 Bxe4 37. Bxe4 {[%emt 0:00:01][%mdl 4096] Endgame And now Bd5+ would win. KQB-KQN} Qd7 {[%emt 0:01:33] Inhibits Bd5+.} 38. Qa8 {[%emt 0:02:36] Threatens to win with Bc6.} Qd1+ 39. Kh2 Qe1 $2 (39... Qd4 $18 40. Qb7+ Kf8 41. Qc8+ Kf7) 40. Qb7+ Kg8 41. Qc8+ Kf7 42. Qd7+ Kf8 43. Qd8+ Kf7 44. e6+ {[%emt 0:01:01] Weighted Error Value: White=0.34/Black=0.92} 1-0

[Event "2nd Serbia Open Masters 2022"]
[Site "Novi Sad"]
[Date "2022.07.02"]
[Round "5.52"]
[White "Mehmed, Elif"]
[Black "Damjanovic, Vuk"]
[Result "0-1"]
[ECO "B06"]
[WhiteElo "2220"]
[BlackElo "2393"]
[Annotator "TA"]
[PlyCount "94"]
[EventDate "2022.06.28"]
[EventType "swiss"]
[EventCountry "SRB"]
[SourceTitle "playchess.com"]
[Source "ChessBase"]
[SourceQuality "1"]
[TimeControl "40/5400+30:900+30"]

1. e4 g6 2. d4 Bg7 3. Nc3 a6 4. Be3 b5 5. a3 d6 6. h4 {[%emt 0:02:39] B06: Modern Defence.} h5 7. Nh3 {[%emt 0:01:04] [#]} Bxh3 $146 ({Predecessor:} 7... Nd7 8. Bd3 Bb7 9. Qd2 Rc8 10. O-O-O c5 11. dxc5 Nxc5 12. Nd5 Nb3+ {0-1 (12) Chabris,C (2080)-Romero Ruscalleda,J (2176) Chess.com INT 2022}) 8. Rxh3 {[%emt 0:00:43] The position is equal.} Nd7 9. Qd2 c5 10. dxc5 Nxc5 11. Bd4 Bxd4 12. Qxd4 e5 13. Qd2 Nf6 14. f3 (14. O-O-O {is more complex.} Ncxe4 15. Nxe4 Nxe4 16. Qd5) 14... Qc7 15. a4 bxa4 16. Nxa4 Nxa4 17. Rxa4 O-O 18. b3 {[%emt 0:03:42] [#]} (18. Rxa6 $2 Rxa6 19. Bxa6 Ra8 $19) (18. Bxa6 $2 Qc6 19. b3 Rxa6 $19) (18. Rh1 $11) 18... Rfd8 $1 $17 19. Bc4 {[%emt 0:00:05] [#]} (19. Rxa6 $2 Rxa6 20. Bxa6 d5 $19) (19. Bxa6 $2 d5 20. Qe2 Qb6 $19) (19. Rc4 $17 Qb6 20. Qc3) 19... d5 $1 $19 20. exd5 {[%emt 0:03:41] [#]} Nxd5 $1 21. Bxd5 Qc5 22. Qa5 $2 {[%emt 0:01:42][%mdl 8192] This costs White the game.} (22. Qf2 $17 Qxd5 23. Ra1) 22... Qg1+ (22... Qxd5 23. Qxd5 Rxd5 24. g4 $11) (22... Rxd5 23. Qxc5 Rxc5 24. c4 $11) 23. Kd2 (23. Ke2 Qxg2+ 24. Kd1 Rac8 $19) 23... Qxg2+ 24. Kc1 Rac8 {[%emt 0:01:56][%csl Gc8][%cal Rg2c2] Really sharp!} (24... Qxh3 25. Bxa8 Rxa8 26. Qxe5 $15) 25. Rc4 {[%emt 0:00:45][%cal Oa5b6] And now Qb6! would win.} Qxh3 26. Qxa6 Qf5 ({Inferior is} 26... Rxd5 27. Qxc8+ Qxc8 28. Rxc8+ Kg7 29. b4 $11) 27. Rxc8 Rxc8 {[%emt 0:00:13][%csl Gc8][%cal Rf5c2][%mdl 4096] Endgame KQR-KQB} 28. Be4 Qd7 29. Bxg6 fxg6 30. Qxg6+ Kf8 31. Qf6+ Ke8 {[%emt 0:00:24] aiming for ...Qd4.} 32. Qxe5+ Kd8 ({Not} 32... Qe7 $2 33. Qxh5+ Kd7 34. Qg4+ Qe6 35. Qg7+ Kd6 36. Qd4+ Qd5 37. Qf6+ Kc7 38. Qg7+ Kb6 39. Qh6+ Kb7 40. Qe3 $19) 33. Qxh5 Qd4 {[%emt 0:00:30] ( -> ...Qa1+)} 34. Qa5+ Rc7 35. h5 Qe3+ ({Wrong is} 35... Kc8 $2 36. Qf5+ Kb8 37. Qb5+ Rb7 38. Qe8+ Ka7 39. h6 $19) 36. Qd2+ (36. Kb2 $19 Qc5 37. Qxc5 Rxc5 38. c4) 36... Qxd2+ {[%emt 0:00:14] Black mates.} 37. Kxd2 {[%emt 0:00:03] KR-KP} Rh7 38. Ke3 Rxh5 {[%emt 0:00:10] KR-K3P} 39. c4 Rh1 40. b4 Kd7 41. f4 Kd6 42. Ke4 Rb1 43. b5 Rf1 44. f5 Re1+ 45. Kd4 Re5 46. f6 Rf5 47. f7 Rf4+ {[%emt 0:00:10] Weighted Error Value: White=0.43/Black=0.07 (flawless)} 0-1

[Event "2nd Serbia Open Masters 2022"]
[Site "Novi Sad"]
[Date "2022.07.03"]
[Round "6.1"]
[White "Motylev, Alexander"]
[Black "Aryan Chopra"]
[Result "1/2-1/2"]
[ECO "B51"]
[WhiteElo "2633"]
[BlackElo "2609"]
[Annotator "TA"]
[PlyCount "41"]
[EventDate "2022.06.28"]
[EventType "swiss"]
[EventCountry "SRB"]
[SourceTitle "playchess.com"]
[Source "ChessBase"]
[SourceQuality "1"]
[TimeControl "40/5400+30:900+30"]

1. e4 c5 2. Nf3 d6 3. Bb5+ Nd7 4. O-O a6 5. Bd3 Ngf6 {[%emt 0:00:05] The position is equal.} 6. c3 {[%emt 0:00:35] B51: Sicilian: Moscow Variation (3 Bb5+) without 3...Bd7.} b5 7. a4 Bb7 8. Re1 c4 9. Bc2 e6 10. d4 cxd3 11. Qxd3 Nc5 12. Qe2 bxa4 13. Be3 {[%emt 0:04:35] [#] Bxc5 is the strong threat.} Nfd7 ({Much less strong is} 13... Ncxe4 14. Bxa4+ Nd7 15. Na3 $14) 14. Bd4 {[%emt 0:04:32] [#] A rather calm draw.  Weighted Error Value: White=0.07 (flawless) /Black=0.02 (flawless)} {Predecessor:} Qc7 $146 15. Nbd2 e5 16. Bxc5 Nxc5 17. Qc4 Rc8 18. Bxa4+ Nxa4 19. Qxa4+ Qc6 20. Nc4 Qxa4 21. Rxa4 {0-1 (50) Kasimdzhanov,R (2662)-Donchenko,A (2652) Kirchweyhe 2021} 1/2-1/2

[Event "2nd Serbia Open Masters 2022"]
[Site "Novi Sad"]
[Date "2022.07.03"]
[Round "6.2"]
[White "Adhiban, B.."]
[Black "Ioannidis, Evgenios"]
[Result "0-1"]
[ECO "B96"]
[WhiteElo "2616"]
[BlackElo "2459"]
[Annotator "TA"]
[PlyCount "119"]
[EventDate "2022.06.28"]
[EventType "swiss"]
[EventCountry "SRB"]
[SourceTitle "playchess.com"]
[Source "ChessBase"]
[SourceQuality "1"]
[TimeControl "40/5400+30:900+30"]

1. e4 c5 2. Nf3 d6 3. d4 cxd4 4. Nxd4 Nf6 5. Nc3 a6 6. Bg5 e6 7. f4 Nbd7 8. Qe2 Qc7 9. O-O-O b5 10. a3 {[%emt 0:00:46] B96: Sicilian Najdorf: 6 Bg5 e6 7 f4, lines other than 7...Qb6 and 7...Be7.} Be7 $1 {[%emt 0:00:47][%mdl 4] now scores much better than the old 10...Bb7.} 11. Bxf6 (11. g4 {keeps more tension.} h6 12. Bh4 Rb8 13. Bg2) 11... Bxf6 {[%emt 0:01:15] [#]} 12. Ndxb5 $1 {[%emt 0:01:35] The position is equal.} axb5 13. Nxb5 Qb8 (13... Qd8 $5 ) 14. Nxd6+ Kf8 15. e5 {[%emt 0:10:29][%mdl 1024] White has compensation.} Be7 16. h4 {[%emt 0:12:54] [#]} h5 $146 ({Predecessor:} 16... Nc5 17. Rh3 Ba6 18. Qh5 g6 19. Qh6+ Kg8 20. Bxa6 Rxa6 21. b4 Bxd6 22. exd6 Nd7 {1-0 (41) Praggnanandhaa,R (2617)-Aditya,M (2453) chess24.com INT 2021}) 17. Rh3 Ba6 18. Qf2 {[%emt 0:04:36] Black must now prevent Rb3.} Qb6 (18... Bxf1 $11 19. Qxf1 Ra7) 19. Qxb6 $16 Nxb6 20. Bxa6 Rxa6 21. c4 {[%emt 0:11:44] Inhibits Nd5.} (21. Rc3 $5 ) 21... g6 22. c5 Nd5 23. Rd4 Kg7 (23... Bxd6 $5 24. exd6 Ke8 $11) 24. b4 Rha8 25. Kb2 Ra4 26. Nb5 Rb8 27. Nd6 Nc7 (27... Rba8 $11 {keeps the balance.}) 28. Kb3 Rba8 29. Kb2 (29. Nc4 $1 $16) 29... Rb8 (29... Nd5 $11) 30. Kb3 Rba8 31. Kc4 (31. Nc4 $1 $14) 31... Rb8 (31... Kf8 $5 ) 32. Rf3 Na6 33. Rb3 Bxh4 ({Black should play} 33... Ra8 $14) 34. Ne4 $1 Be1 35. c6 (35. Rd6 $1 $16 ) 35... Rb6 36. Nd6 $2 (36. Rd7 $1 $14 {stays ahead.} Bxb4 37. axb4 Nxb4 38. Kc5 (38. Nc5 Nxc6+ 39. Kc3 Rxb3+ 40. Kxb3 Rb4+ 41. Kc3 Kg8 $11)) 36... Nc7 $1 $17 {[%emt 0:03:30] Black keeps a firm grip on the game.} (36... Rxc6+ $2 37. Kb5 Nxb4 38. Kxa4 $18) 37. Kc5 (37. Kd3 $17 {might work better.} Rxc6 38. b5 Rxd4+ 39. Kxd4) 37... Raa6 $1 $19 38. b5 Nxb5 $2 (38... Bf2 $19 {[%cal Oc7b5] ...Nxb5! is the strong threat.} 39. a4 Rb8) 39. Ne8+ $2 (39. c7 $17 {nothing else works.} Bf2 40. Rxb5 Rc6+ 41. Kb4 Bxd4 42. a4) 39... Kf8 {[%emt 0:00:00][%cal Oe1f2] aiming for ...Bf2! Black is clearly winning.} 40. c7 {[%emt 0:00:00] [#]} Bf2 $1 ({And not} 40... Rc6+ 41. Kxb5 Rab6+ 42. Ka4 Ra6+ 43. Kb5 Rab6+ 44. Ka4 Ra6+ 45. Kb5 $11) 41. Rxb5 Rc6+ {[%emt 0:00:00][%mdl 64] Deflection} 42. Kb4 Bxd4 43. Nf6 {[%emt 0:03:25] [#]} Bb6 $1 44. Nd7+ Kg7 45. Nxb6 Rxc7 {[%emt 0:00:07][%mdl 4096] Endgame Threatens to win with ...Rc2. KRR-KRN} ({Stronger than} 45... Raxb6 46. Rxb6 Rxb6+ 47. Kc5 $11) 46. a4 Rc2 47. g3 g5 48. fxg5 Kg6 49. a5 Kxg5 50. Nc4 Ra7 51. Rb8 Rc1 {[%emt 0:03:04] ( -> ...Rb1+)} 52. Rg8+ Kf5 {[%emt 0:00:06] Hoping for ...Rb7+.} 53. Rh8 (53. Rc8 $142 Rg1 54. Kb5) 53... Rb7+ 54. Nb6 Rh1 55. Kb5 Rc7 56. Na8 (56. Na4 $142 Rb1+ 57. Ka6) 56... Rb1+ 57. Ka6 Rc5 {[%emt 0:00:15] Strongly threatening ...Ra1.} 58. Nb6 Ra1 59. Nd7 Rd5 60. Rxh5+ {[%emt 0:00:46] Weighted Error Value: White=0.57/Black=0.29 (precise)} 0-1

[Event "2nd Serbia Open Masters 2022"]
[Site "Novi Sad"]
[Date "2022.07.03"]
[Round "6.3"]
[White "Ivic, Velimir"]
[Black "Can, Emre"]
[Result "1/2-1/2"]
[ECO "B90"]
[WhiteElo "2623"]
[BlackElo "2599"]
[Annotator "TA"]
[PlyCount "90"]
[EventDate "2022.06.28"]
[EventType "swiss"]
[EventCountry "SRB"]
[SourceTitle "playchess.com"]
[Source "ChessBase"]
[SourceQuality "1"]
[TimeControl "40/5400+30:900+30"]

1. e4 c5 2. Nf3 d6 3. d4 cxd4 4. Nxd4 Nf6 5. Nc3 a6 6. Be3 e5 7. Nb3 Be6 8. f3 Nbd7 9. g4 Nb6 10. g5 Nh5 11. Qd2 {[%emt 0:00:22] B90: Sicilian Najdorf: Unusual White 6th moves, 6 Be3 Ng4 and 6 Be3 e5.} Be7 12. O-O-O O-O 13. Kb1 {[%emt 0:01:11] White is slightly better.} Rc8 14. Rg1 Qc7 15. Qf2 Nc4 16. Bxc4 Qxc4 17. h4 g6 (17... f5 $11) 18. Qg2 (18. f4 $1 $14) 18... Kh8 {[%emt 0:07:30] [#]} 19. Nd5 $146 ({Predecessor:} 19. a3 f5 20. gxf6 Nxf6 21. Bg5 Qc7 22. Bxf6+ Rxf6 23. Nd5 Bxd5 24. Rxd5 Bf8 25. Rd3 {½-½ (32) Sileika,A (2119)-Artamonov,R (2003) ICCF email 2020}) 19... Bxd5 20. Rxd5 f6 (20... f5 $5 ) 21. gxf6 Nxf6 22. Rd3 Nh5 23. Rh1 {[%emt 0:02:22] [#]} (23. Nc1 $11) 23... Qe6 ({Black should try} 23... Rxf3 $1 $15 24. Rc3 Qxc3 25. bxc3 Rxe3) 24. Nc1 $14 b5 25. a3 Rcd8 26. Bh6 Rf7 27. Ne2 d5 (27... a5 $14) 28. Rhd1 $1 $16 d4 29. c3 $1 Bxh4 {[%emt 0:02:03][%cal Og6g5] [#]} 30. Bc1 {[%emt 0:03:50] Inhibits g5.} (30. Qh2 $1 $16 Bf6 31. cxd4) 30... Bf6 $14 31. cxd4 exd4 32. f4 Qc6 33. Nxd4 Rxd4 34. Rxd4 Nxf4 35. Qf3 Bxd4 36. Rxd4 {[%emt 0:00:05] [#]} g5 (36... Qc7 $1 $17 {aiming for ...Ne6.} 37. Rd2 (37. e5 $2 Ne6 $19) 37... h6) 37. Rd8+ $11 Kg7 {[%emt 0:00:06] White must now prevent ...Ne6.} 38. Bd2 Re7 39. Qg4 ({Much worse is} 39. Bxf4 Qf6 40. Ka1 (40. Qb3 Qxf4 41. Qg8+ Kh6 $17) 40... Qxf4 41. Qc3+ Qe5 $17) 39... Qxe4+ 40. Ka1 $132 {[%emt 0:00:00][%mdl 2048] White puts up resistance} h6 {[%emt 0:00:00] Threatening ...Ng6.} 41. Bc3+ Kf7 {[%emt 0:02:04] Black wants to play ...Qh1+.} 42. Qc8 ({Better is} 42. Rd6 $11 Re6 43. Rd4) 42... Re6 ({Don't play} 42... Qe6 43. Rf8+ Kg6 44. Rf6+ Qxf6 45. Bxf6 Kxf6 46. Qf8+ Rf7 47. Qxh6+ Ng6 48. Qh3 $11) (42... Kg6 $15 43. Qg4 Qe6) 43. Rg8 {[%emt 0:07:59][%csl Gg8][%cal Rc8f8] The position is equal.} Qh1+ 44. Ka2 Qd5+ 45. Ka1 {[%emt 0:00:05][%csl Gc3][%cal Rg8g7] The board is on fire.} Qh1+ {[%emt 0:01:03] Weighted Error Value: White=0.19 (very precise) /Black=0.20 (precise)} 1/2-1/2